Map: Ulrena

Players

Soma

  • Race: Protoss Protoss
  • League: Silver

capac - Winner!

  • Race: Terran Terran
  • League: Gold

VOD

Have the link to the VOD?

Description

Time

  • Played on: May 2, 2016, 1:15 p.m.
  • Length: 15:20
Show
View Real Time Build Order
Export as new Build Order

Soma Protoss 

Build Orders:  

Get SALT Encoding   

  12  0:01  Probe (Chrono Boost)  
  13  0:11  Probe (Chrono Boost)  
  14  0:20  Pylon  
  14  0:23  Probe (Chrono Boost)  
  15  0:38  Probe (Chrono Boost), Gateway  
  16  0:44  Assimilator  
  16  0:49  Probe (Chrono Boost)  
  17  0:59  Gateway  
  17  1:06  Pylon  
  17  1:09  Probe (Chrono Boost)  
  18  1:31  Cybernetics Core  
  18  1:34  Probe (Chrono Boost)  
  18  1:35  Assimilator  
  19  1:44  Probe (Chrono Boost)  
  20  1:55  Probe (Chrono Boost)  
  21  2:05  Probe (Chrono Boost)  
  21  2:07  Warp Gate (Chrono Boost)  
  24  2:16  Probe (Chrono Boost), Stalker (Chrono Boost)  
  25  2:25  Stalker (Chrono Boost)  
  27  2:30  Nexus  
  27  2:45  Mothership Core  
  29  3:08  Assimilator  
  29  3:10  Assimilator  
  29  3:12  Stargate  
  29  3:15  Pylon  
  29  3:20  Stalker  
  31  3:40  Gateway  
  31  3:41  Gateway  
  31  3:43  Probe  
  32  3:54  Probe  
  33  4:03  Stalker  
  33  4:04  Probe, Stalker  
  38  4:15  Probe  
  39  4:18  Oracle (Chrono Boost)  
  42  4:25  Probe  
  43  4:34  Pylon  
  43  4:36  Probe  
  44  4:46  Probe  
  44  4:50  Oracle (Chrono Boost)  
  48  4:56  Protoss Air Weapons Level 1  
  48  4:57  Probe  
  49  5:02  Stalker  
  51  5:07  Probe  
  52  5:23  Stalker x2  
  56  5:32  Probe  
  56  5:33  Stalker  
  59  5:43  Probe  
  60  5:53  Probe  
  61  6:04  Probe  
  62  6:21  Pylon  
  62  6:25  Pylon  
  62  6:38  Probe  
  63  6:42  Stalker x2  
  63  6:43  Stalker x2  
  71  6:48  Probe  
  72  6:59  Probe  
  73  7:06  Robotics Facility  
  73  7:10  Probe  
  73  7:12  Pylon  
  74  7:20  Probe  
  75  7:24  Stalker  
  77  7:30  Pylon  
  77  7:33  Forge  
  77  7:36  Forge  
  77  7:40  Gateway  
  77  7:45  Twilight Council  
  77  7:46  Probe  
  78  7:52  Stalker x2  
  78  7:55  Immortal (Chrono Boost)  
  78  7:57  Probe  
  87  8:06  Pylon  
  87  8:09  Probe, Pylon  
  88  8:16  Protoss Ground Weapons Level 1 (Chrono Boost)  
  88  8:17  Protoss Ground Armor Level 1 (Chrono Boost)  
  88  8:23  Nexus  
  88  8:25  Pylon  
  88  8:29  Resonating Glaives  
  88  8:32  Immortal (Chrono Boost)  
  92  8:36  Adept x2  
  92  8:37  Adept  
  92  8:39  Adept  
  100  8:42  Adept  
  99  9:08  Stalker x2  
  99  9:09  Stalker  
  102  9:10  Adept x2  
  106  9:25  Pylon  
  106  9:29  Assimilator  
  106  9:33  Assimilator  
  106  9:37  Robotics Bay  
  106  9:42  Adept x2  
  110  9:46  Robotics Facility  
  58  10:17  Stalker x4  
  58  10:18  Adept  
  54  10:32  Mothership Core  
  56  10:40  Adept x5  
  66  10:49  Colossus (Chrono Boost)  
  72  11:00  Adept x2  
  72  11:01  Adept x3  
  72  11:21  Adept x2  
  72  11:22  Adept x3  
  71  11:46  Adept x3  
  71  11:47  Adept x2  
  69  12:10  Stalker x4  
  69  12:11  Stalker  
  69  12:14  Colossus (Chrono Boost)  
  85  12:17  Probe  
  86  12:29  Probe  
  87  12:33  Stalker  
  87  12:34  Stalker x2  
  99  12:45  Colossus (Chrono Boost)  
  99  12:47  Adept x2  
  103  13:09  Extended Thermal Lance (Chrono Boost)  
  103  13:12  Stalker x2  
  107  13:15  Adept x2  
  111  13:26  Stalker  
  113  13:35  Stalker  
  113  13:36  Stalker x3  
  121  13:51  Probe  
  122  14:04  Probe  
  119  14:21  Stalker  
  119  14:22  Stalker x3  
  119  14:23  Stalker  
  129  14:37  Disruptor  
Show
View Real Time Build Order
Export as new Build Order

capac Terran - Winner!

Build Orders: Reaper Expand, MMM Bio 

Get SALT Encoding   

  12  0:00  SCV  
  13  0:12  SCV  
  14  0:18  Supply Depot  
  14  0:30  SCV  
  15  0:40  Barracks  
  15  0:42  SCV  
  16  0:45  Refinery  
  16  0:54  SCV  
  17  1:06  SCV  
  18  1:18  SCV  
  19  1:30  Reaper  
  19  1:31  Orbital Command  
  20  1:48  Command Center  
  20  2:01  SCV  
  21  2:08  Barracks  
  21  2:12  Supply Depot  
  21  2:15  Marine  
  21  2:18  SCV  
  23  2:29  Factory  
  23  2:33  SCV  
  24  2:45  Refinery, SCV  
  24  2:46  Barracks Reactor  
  25  2:56  Barracks Tech Lab  
  25  2:58  SCV  
  26  3:02  Orbital Command  
  26  3:05  Bunker  
  26  3:10  SCV  
  27  3:13  Factory Tech Lab  
  27  3:19  Starport  
  27  3:23  SCV  
  28  3:28  Marine x2  
  28  3:30  SCV  
  28  3:33  Marine  
  32  3:40  Siege Tank  
  35  3:45  SCV x2  
  37  3:54  Refinery  
  37  3:57  SCV  
  37  3:58  SCV  
  37  3:59  Supply Depot  
  37  4:01  Medivac  
  41  4:11  SCV x2  
  41  4:14  Marine  
  41  4:15  Marine x2  
  46  4:20  Stimpack  
  46  4:26  SCV x2  
  46  4:30  Supply Depot  
  48  4:32  Starport Reactor  
  48  4:34  Marine x3  
  51  4:40  SCV x2  
  53  4:46  Supply Depot  
  53  4:54  Marine x2  
  53  4:55  Marine  
  53  4:56  SCV x2  
  53  4:59  Supply Depot  
  58  5:01  Siege Tank  
  61  5:08  Refinery  
  53  5:20  Engineering Bay  
  51  5:32  Supply Depot  
  51  5:33  Medivac  
  53  5:36  Marine x2  
  54  5:52  Viking  
  56  6:00  Missile Turret  
  56  6:03  Missile Turret  
  53  6:17  Terran Infantry Weapons Level 1  
  53  6:24  Viking  
  55  6:28  SCV  
  56  6:36  SCV  
  57  6:40  SCV  
  58  6:48  SCV  
  58  6:52  SCV  
  59  7:01  Marine x3  
  62  7:10  SCV x2  
  62  7:11  Liberator x2  
  64  7:19  Marine, Missile Turret  
  65  7:26  Siege Tank  
  65  7:29  Marine x2  
  76  7:39  Command Center  
  76  7:40  Marine, SCV x2  
  79  7:47  Marine  
  80  7:52  Barracks  
  80  7:55  Barracks  
  80  7:57  Liberator  
  80  8:02  Starport  
  80  8:03  Marine  
  80  8:04  Marine  
  80  8:05  Supply Depot, Marine  
  83  8:11  Terran Infantry Armor Level 1  
  83  8:17  SCV  
  87  8:29  SCV x2  
  87  8:31  Siege Tank  
  92  8:34  Supply Depot  
  92  8:39  Combat Shields  
  92  8:44  Barracks Reactor  
  92  8:47  Barracks Reactor  
  92  8:49  Barracks  
  92  9:10  Medivac x2  
  92  9:12  Starport Reactor  
  96  9:18  SCV x2  
  96  9:20  Marine x3  
  96  9:21  Marine x2  
  103  9:30  Marine x2, SCV x2  
  107  9:31  Siege Tank  
  107  9:34  Supply Depot  
  107  9:37  Supply Depot  
  107  9:38  Marine x2  
  111  9:42  Armory  
  112  9:48  Orbital Command  
  112  9:52  SCV x2  
  114  9:53  Marine  
  92  10:15  Liberator  
  92  10:20  Marine x5  
  92  10:21  Marine x2  
  93  10:25  Siege Tank  
  99  10:38  Marine x4  
  103  10:55  Marine x2  
  103  10:56  Marine  
  106  11:02  Terran Infantry Weapons Level 2  
  86  11:46  Marine x7  
  87  12:03  Marine  
  87  12:04  Marine x4  
  87  12:07  Liberator x3  
  87  12:08  Liberator  
  87  12:11  Marine x2  
  88  12:17  SCV x2  
  88  12:18  SCV  
  88  12:21  Barracks, Marine  
  88  12:22  Marine x3  
  107  12:31  Barracks  
  107  12:32  Marine x3  
  110  12:40  Marine  
  110  12:41  Marine x3  
  110  12:43  Barracks Reactor  
  114  12:44  Concussive Shells  
  114  12:47  Supply Depot, Terran Ship Weapons Level 1  
  114  12:50  Marine  
  115  12:52  Liberator  
  115  12:53  Liberator x3  
  115  12:57  SCV x3  
  118  13:01  Marine x3  
  118  13:02  Marine x2  
  118  13:03  Marauder  
  137  13:28  Marine x6  
  137  13:29  Marine, Barracks Reactor  
  137  13:30  Marine x2, Barracks Reactor  
  146  13:45  Marine  
  147  13:49  Marauder  
  147  13:54  Refinery  
  147  13:55  Refinery  
  149  14:45  Marine  
  149  14:54  Marine x2  
  149  14:56  Marine x2  
  149  14:57  Marine  
  149  14:58  Marine x3  
  149  15:01  Marine  
  149  15:02  Marine  
Tags
 
Composition
MMM Bio
Matchup
PvT
Add a new tag
Caveats
  • Supply blocks, unpowered buildings, or Contaminate may cause inaccurate times.
  • Supply counts are checked every 10 seconds.